 Dungeon Crawl Stone Soup version 0.28.0-45-g0d030f2227 (webtiles) character file.

Game seed: 11720144224276030789

128 NinjaNoafa the Conjurer (level 4, 0/36 HPs)
             Began as a Draconian Conjurer on Apr 16, 2022.
             Slain by a sky beast (1 damage)
             ... on level 3 of the Dungeon.
             The game lasted 00:07:55 (2801 turns).

NinjaNoafa the Conjurer (Draconian Conjurer)        Turns: 2801, Time: 00:07:56

Health: 0/36       AC:  9    Str:  7 (9)  XL:     4   Next: 87%
Magic:  1/7        EV: 12    Int: 18 (20) God:
Gold:   87         SH:  0    Dex:  7 (10) Spells: 5/8 levels left

rFire   + . .      SeeInvis .   d - +2 dagger (holy)
rCold   + . .      Faith    .   (no shield)
rNeg    . . .      Spirit   .   (armour unavailable)
rPois   +          Reflect  .   (helmet restricted)
rElec   +          Harm     .   m - +0 cloak
rCorr   +          Rampage  .   (no gloves)
Will    .....                   e - +2 pair of boots
Stlth   ++........              (no amulet)
HPRegen 0.12/turn               (no ring)
MPRegen 0.10/turn               (no ring)

@: resistant (expiring)
A: AC +5, unfitting armour, cold-blooded, fangs 1
a: no special abilities


You were on level 3 of the Dungeon.
You visited 1 branch of the dungeon, and saw 3 of its levels.

You collected 87 gold pieces.

Inventory:

Hand Weapons
 b - a +0 dagger
 d - a +2 dagger of holy wrath (weapon)
Missiles
 a - 83 stones
Armour
 e - a +2 pair of boots (worn)
 m - a +0 cloak (worn)
Jewellery
 h - a ring of see invisible
Scrolls
 n - a scroll of amnesia


   Skills:
 * Level 1.8 Fighting
 + Level 2.4 Dodging
 * Level 2.9 Stealth
 + Level 2.6 Spellcasting
 + Level 4.5 Conjurations
 + Level 0.6 Ice Magic


You had 5 spell levels left.
You knew the following spells:

 Your Spells              Type           Power      Damage    Failure   Level
a - Magic Dart            Conj           72%        1d6       2%          1
b - Searing Ray           Conj           36%        2d5       4%          2

Your spell library contained the following spells:

 Spells                   Type           Power      Damage    Failure   Level
 Freeze                   Ice            16%        1d4       13%         1
 Dazzling Flash           Conj/Hex       20%        N/A       21%         3
 Frozen Ramparts          Ice            8%         1d2       36%         3
 Hailstorm                Conj/Ice       11%        3d5       52%         4
 Fulminant Prism          Conj/Hex       5%         3d7       56%         4
 Iskenderun's Mystic Bla  Conj/Tloc      10%        2d4       56%         4


Dungeon Overview and Level Annotations

Branches:
Dungeon (3/15)

Altars:
The Shining One

Shops:
D:3 ?


Innate Abilities, Weirdness & Mutations

Your plain brown scales are hard. (AC +5)
You cannot fit into any form of body armour.
You are cold-blooded and may be slowed by cold attacks.
You have very sharp teeth.


Message History

The adder is heavily wounded.
The adder misses you. The goblin misses you.
The orc hits you but does no damage. The sky beast barely misses you.
The adder misses you. The goblin closely misses you.
The sky beast flickers out of sight!
Deactivating autopickup; reactivate with Ctrl-A.
The adder barely misses you.
You hit the adder.
The adder is almost dead.
The goblin hits you with a +0 club.
* * * LOW HITPOINT WARNING * * *
The orc hits you from afar with a +0 trident.
* * * LOW HITPOINT WARNING * * *
The adder closely misses you. The orc closely misses you.
You barely miss the orc.
The orc is almost dead.
The adder bites you but does no damage. The goblin barely misses you.
The orc barely misses you. x2
You hit the orc.
You kill the orc!
The adder bites you but does no damage. The goblin hits you but does no damage.
The orc misses you. The adder bites you.
* * * LOW HITPOINT WARNING * * *
The orc shouts!
You hit the adder.
The adder is almost dead.
You start to feel less resistant.
The goblin hits you but does no damage. The orc hits you but does no damage.
The adder misses you. Something hits you but does no damage.
You miss the adder.
The adder is almost dead.
The goblin hits you but does no damage. The adder closely misses you.
The orc closely misses you. Something hits you.
* * * LOW HITPOINT WARNING * * *
Something shocks you. You resist.
* * * LOW HITPOINT WARNING * * *
You hit the adder.
You kill the adder!
The orc hits you but does no damage. Something hits you.
You die...

#.#..#
######.#..###
....##.#....#
....##.#....#
....g.......######
.....#...........#
.....#....##...go#
####.#.P......og)#
#.#.P..##.oog@#
....P.g...#####
.#........#
....o.o....#
)..._.....# .o....
.. ..o. ..# ....


You could see an orc wizard, 3 orcs and 4 goblins.

Vanquished Creatures
  Robin (D:3)
  4 adders
  4 worms
  2 dart slugs
  2 orcs (D:3)
  4 endoplasms
  5 giant cockroaches
  11 goblins
  4 hobgoblins
  7 jackals (D:1)
  2 kobolds
  A quokka (D:1)
  3 ball pythons
  5 bats
  5 frilled lizards
  9 rats
69 creatures vanquished.

Vanquished Creatures (others)
  3 fungi (D:3)
3 creatures vanquished.

Grand Total: 72 creatures vanquished

Notes
Turn   | Place    | Note
-------+----------+-------------------------------------------
     0 | D:1      | NinjaNoafa the Draconian Conjurer began the quest for the
                  | Orb.
     0 | D:1      | Reached XP level 1. HP: 14/14 MP: 3/3
   171 | D:1      | Reached XP level 2. HP: 12/20 MP: 0/5
  1286 | D:1      | Reached XP level 3. HP: 26/26 MP: 4/6
  1421 | D:1      | Learned a level 2 spell: Searing Ray
  1816 | D:2      | Found a faded altar of an unknown god.
  1850 | D:2      | Reached skill level 1 in Fighting
  1985 | D:2      | Reached XP level 4. HP: 35/35 MP: 7/7
  2640 | D:3      | Found Mezxunk's Magic Scroll Shoppe.
  2737 | D:3      | Noticed Robin
  2742 | D:3      | Noticed a sky beast
  2753 | D:3      | Killed Robin
  2755 | D:3      | Gained mutation: You have very sharp teeth. [potion of
                  | mutation]
  2780 | D:3      | Found a glowing golden altar of the Shining One.
  2800 | D:3      | HP: 1/36 [something (2)]
  2801 | D:3      | Slain by a sky beast

Illustrated notes

Levels and vault maps discovered:
D:1:      tarquinn_simple_flora_water_f, layout_loops_ring, minmay_pentomino_u4
D:2:      layout_rooms, hellmonk_ecumenical_altar_pennies_from_heaven,
          minmay_misc_feat_secret_circle, kennysheep_doodads
D:3:      layout_rooms, mainiacjoe_overflow_boulevard,
          mainiacjoe_overflow_small_starburst, serial_shops, shop, uniq_robin,
          uniq_crazy_yiuf_cottage

Skill      XL: |  1  2  3 |
---------------+----------+-----
Stealth        | 2 |  2.9
Dodging        | 2 |  2.4
Fighting       | 1 |  1.8
Spellcasting   | |  2.6
Conjurations   | |  4.5
Ice Magic      | |  0.6

Action                   |  1- 3 |  4- 6 || total
-------------------------+-------+-------++-------
Melee: Dagger            |    46 |    14 ||    60
       Tailslap          |     7 |     2 ||     9
       Punch             |     1 |       ||     1
 Cast: Magic Dart        |    61 |    15 ||    76
       Searing Ray       |     5 |    14 ||    19
  Use: Scroll            |       |     4 ||     4
       Potion            |       |     4 ||     4
 Stab: Sleeping          |       |     1 ||     1
Armor: Skin              |    27 |    31 ||    58
Dodge: Dodged            |    40 |    39 ||    79
